[Event "*** Titled Tuesday Blitz"]
[Site "Chess.com"]
[Date "2020.05.19"]
[Round "7"]
[White "SanchezKelvin"]
[Black "quesfr"]
[Result "1-0"]
[WhiteElo "2479"]
[BlackElo "2283"]
[TimeControl "180+1"]
[EndTime "13:20:08 PDT"]
[Termination "SanchezKelvin won by resignation"]

1. d4 d5 2. c4 e6 3. Nf3 Nf6 4. Nc3 Be7 5. Bg5 Nbd7 6. e3 h6 7. Bxf6 Nxf6 8. Qc2 dxc4 9. Bxc4 c5 10. O-O-O Qa5 11. Bb5+ Bd7 12. Bxd7+ Nxd7 13. d5 exd5 14. Nxd5 Nf6 15. Nxe7 Kxe7 16. Kb1 Rhd8 17. Ne5 Qc7 18. f4 b6 19. Qc4 Kf8 20. g4 Ne8 21. Qe4 Rxd1+ 22.
Rxd1 Rd8 23. Rc1 Qe7 24. Qh7 Nf6 25. Qf5 Kg8 26. Nc6 Qd7 27. Nxd8 Qxd8 28. g5 hxg5 29. fxg5 Nh5 30. h4 g6 31. Qc2 Qd6 32. Rd1 Qg3 33.
Qc3 Qxh4 34. Rd8+ 1-0

[Event "*** Titled Tuesday Blitz"]
[Site "Chess.com"]
[Date "2020.05.19"]
[Round "7"]
[White "Konovalova_Vera"]
[Black "Kopytkin"]
[Result "1-0"]
[WhiteElo "2162"]
[BlackElo "2319"]
[TimeControl "180+1"]
[EndTime "13:20:08 PDT"]
[Termination "Konovalova_Vera won on time"]

1. d4 d5 2. Nf3 Bf5 3. e3 e6 4.
Bd3 Nf6 5. Bxf5 exf5 6. b3 c6 7. Bb2 Bb4+ 8. c3 Bd6 9. Nbd2 Nbd7 10. O-O O-O 11. c4 Re8 12. Qc2 g6 13. Rac1 Qe7 14.
Qd3 Ne4 15. cxd5 cxd5 16. Qb5 Ndf6 17. Nxe4 fxe4 18. Ne5 h5 19. h3 Rac8 20. a4 Kg7 21. Kh1 g5 22. g3 Kh6 23. Kg2 Kg7 24. a5 Red8 25. a6 bxa6 26. Qxa6 Re8 27. Rc6 Rxc6 28. Qxc6 Qc7 29. Qxc7 Bxc7 30. Rc1 Bd6 31. Rc6 Rd8 32. Bc3 Kf8 33. Ba5 Be7 34. Bxd8 Bxd8 35. Rc8 Ke7 36. Ra8 Bb6 37. Nc6+ Ke6 38. Nxa7 Ne8 39. Rxe8+ 1-0

[Event "*** Titled Tuesday Blitz"]
[Site "Chess.com"]
[Date "2020.05.19"]
[Round "7"]
[White "AlanZhang"]
[Black "UmutErdemGunduz"]
[Result "0-1"]
[WhiteElo "2223"]
[BlackElo "2463"]
[TimeControl "180+1"]
[EndTime "13:20:09 PDT"]
[Termination "UmutErdemGunduz won on time"]

1. e4 e5 2. Nf3 Nc6 3. Bb5 a6 4. Ba4 Nf6 5. O-O Be7 6. Re1 b5 7. Bb3 O-O 8. h3 Bb7 9. d3 d5 10. exd5 Nxd5 11. Nc3 Ndb4 12. a3 Nd4 13. axb4 Nxf3+ 14. gxf3 Bxb4 15. Rxe5 Qf6 16. Re3 Bc5 17. Re4 Bxe4 18.
Nxe4 Qg6+ 19. Kf1 Bb6 20. Bf4 Qf5 21. Bg3 Qxh3+ 22. Ke2 h6 23. Qh1 Qf5 24. Qh4 Rfe8 25. Rg1 Kf8 26. Bf4 Bd4 27. c3 Be5 28. Be3 Rad8 29. Bc5+ Bd6 30. Be3 a5 31. Kd2 a4 32.
Ba2 a3 0-1

[Event "*** Titled Tuesday Blitz"]
[Site "Chess.com"]
[Date "2020.05.19"]
[Round "7"]
[White "Nathan_Filgueiras"]
[Black "MFguimaraes"]
[Result "0-1"]
[WhiteElo "2324"]
[BlackElo "2498"]
[TimeControl "180+1"]
[EndTime "13:20:09 PDT"]
[Termination "MFguimaraes won by resignation"]

1. e4 e5 2. Nf3 Nc6 3. Nc3 Nf6 4. a3 d5 5. exd5 Nxd5 6. Nxe5 Nxe5 7. Qe2 f6 8. d4 Nxc3 9. bxc3 Bd6 10. dxe5 fxe5 11.
Qh5+ g6 12. Qh6 Qf6 13. Bc4 Bf8 14. Qe3 Be6 15. Bxe6 Qxe6 16. O-O Bg7 17. Qc5 Qe7 18. Qc4 Qf7 19. Qb4 O-O-O 20. Be3 b6 21. a4 Bf8 22. Qb5 Qd5 23. Qa6+ Qb7 24. Qe2 a5 25. c4 Bb4 26.
Rab1 Qe4 27. f3 Qc6 28. c5 Bxc5 29. Qa6+ Kb8 30. Bxc5 Qxc5+ 31. Kh1 Rd6 32. Rb5 Qc6 33. Rxe5 Rhd8 34. Rfe1 Qxa4 35. h3 Qxc2 36. Re7 Rd1 37.
Rxd1 Qxd1+ 38. Kh2 Qd6+ 0-1

[Event "*** Titled Tuesday Blitz"]
[Site "Chess.com"]
[Date "2020.05.19"]
[Round "7"]
[White "giantslayer83"]
[Black "GregShahade"]
[Result "1-0"]
[WhiteElo "2682"]
[BlackElo "2507"]
[TimeControl "180+1"]
[EndTime "13:20:10 PDT"]
[Termination "giantslayer83 won by resignation"]

1. d4 Nf6 2. Bg5 c5 3. d5 Ne4 4. Bc1 g6 5. f3 Nd6 6. e4 Bg7 7. Nc3 O-O 8. Be3 f5 9. Nge2 fxe4 10. fxe4 Qa5 11. Qd3 Nf7 12. Ng3 d6 13. Qd2 Nd7 14. Be2 Nfe5 15. Bh6 Bxh6 16. Qxh6 Qb4 17. O-O-O Nb6 18.
a3 Qa5 19. h4 Nf7 20. Qe3 h5 21. Rdf1 Nd7 22. Bxh5 gxh5 23. Nxh5 Nde5 24. Qg3+ Bg4 25. Rf4 Nh6 26. Rhf1 Rxf4 27. Nxf4 Rf8 28. h5 Qd8 29.
Qh4 e6 30. Qxd8 Rxd8 31. dxe6 Rf8 32. e7 Re8 33. Ncd5 Nc6 34. Nf6+ Kf7 35. Ng6 Be6 36.
Nxe8+ Kxe8 37. Rf8+ Kd7 38. e8=Q+ Kc7 39. Qxe6 1-0

[Event "*** Titled Tuesday Blitz"]
[Site "Chess.com"]
[Date "2020.05.19"]
[Round "7"]
[White "WildBizon"]
[Black "fodorpoti"]
[Result "0-1"]
[WhiteElo "2632"]
[BlackElo "2768"]
[TimeControl "180+1"]
[EndTime "13:20:11 PDT"]
[Termination "fodorpoti won by resignation"]

1. e4 e6 2. d4 d5 3. Nc3 Bb4 4. e5 Ne7 5. a3 Bxc3+ 6. bxc3 c5 7. Qg4 Qc7 8. Bd3 cxd4 9. Ne2 dxc3 10. Qxg7 Rg8 11.
Qxh7 Qxe5 12. h4 Nd7 13. Bf4 Qf6 14. Bg5 Qh8 15. Qxh8 Rxh8 16. Nxc3 f6 17. Be3 a6 18. h5 b5 19. a4 b4 20. Na2 a5 21. Nc1 e5 22.
Nb3 d4 23. Bd2 Nb6 24. f4 Bb7 25. fxe5 fxe5 26. Bb5+ Kd8 27. O-O Rxh5 28. Rf8+ Kc7 29. Rxa8 Bxa8 30. Nxa5 Nbd5 31. Nc4 e4 32. Rf1 e3 33.
Be1 Rg5 34. Rf7 Bc6 35. Bh4 Rf5 36. Bg3+ Kd7 37. Ne5+ Ke6 38. Rxf5 Nxf5 39. Nxc6 Nxg3 40. Nxd4+ Kd6 41. a5 Kc5 42. a6 Kxd4 43. a7 Nb6 44. Bc6 Kc3 45. Kh2 e2 0-1

[Event "*** Titled Tuesday Blitz"]
[Site "Chess.com"]
[Date "2020.05.19"]
[Round "7"]
[White "White_Ghost"]
[Black "Leonid_Starozhilov"]
[Result "1-0"]
[WhiteElo "2458"]
[BlackElo "2625"]
[TimeControl "180+1"]
[EndTime "13:20:11 PDT"]
[Termination "White_Ghost won by resignation"]

1. d4 Nf6 2. c4 g6 3. g3 Bg7 4.
Bg2 d6 5. Nc3 O-O 6. Nf3 c6 7.
O-O Bf5 8. Nh4 Be6 9. b3 d5 10. cxd5 cxd5 11. Nf3 Nc6 12. Bb2 Ne4 13. Nxe4 dxe4 14.
Ne5 Bd5 15. e3 Nxe5 16. dxe5 e6 17. Qg4 h5 18. Qe2 h4 19. Qg4 hxg3 20. hxg3 Qb6 21. Bxe4 Rfd8 22. Rfd1 Qc6 23. Rac1 Bxe4 24. Rxc6 Bxc6 25.
Bd4 Rd7 26. Rc1 a6 27. Qe2 Rad8 28. Rxc6 bxc6 29. Qxa6 c5 30. Bxc5 Rd1+ 31. Kg2 Bxe5 32. Bd4 Bxd4 33. exd4 R8xd4 34. a4 R4d2 35. b4 Rb1 36. b5 Rbb2 37. Qa7 Rd6 38. Qb8+ 1-0

[Event "*** Titled Tuesday Blitz"]
[Site "Chess.com"]
[Date "2020.05.19"]
[Round "7"]
[White "Oneofmyturns"]
[Black "GMaka"]
[Result "1-0"]
[WhiteElo "2603"]
[BlackElo "2429"]
[TimeControl "180+1"]
[EndTime "13:20:11 PDT"]
[Termination "Oneofmyturns won by checkmate"]

1. d4 Nf6 2. c4 Nc6 3. Nf3 e6 4. a3 g6 5. Nc3 Bg7 6. e4 d6 7. Be3 O-O 8. h3 Re8 9. d5 exd5 10.
cxd5 Ne5 11. Nd2 c5 12. Be2 h6 13. O-O g5 14. f4 gxf4 15. Bxf4 Ng6 16. Bg3 a6 17.
Nc4 Nxe4 18. Nxe4 Rxe4 19. Nxd6 Rd4 20. Qc2 Qg5 21. Rf3 Nh4 22. Bxh4 Rxh4 23. Nxf7 Qxd5 24. Raf1 Be6 25. Qg6 Qd4+ 26. Kh1 Bd5 27. Bd3 Be4 28. Bxe4 Qxe4 29. Nxh6+ Kh8 30. Nf7+ Kg8 31. Nh6+ Kh8 32. Rf8+ Rxf8 33. Rxf8+ Bxf8 34. Qg8# 1-0

[Event "*** Titled Tuesday Blitz"]
[Site "Chess.com"]
[Date "2020.05.19"]
[Round "7"]
[White "stolencandy13"]
[Black "AlexTriapishko"]
[Result "0-1"]
[WhiteElo "2556"]
[BlackElo "2728"]
[TimeControl "180+1"]
[EndTime "13:20:12 PDT"]
[Termination "AlexTriapishko won by resignation"]

1. e4 e5 2. Nf3 Nc6 3. Nc3 Nf6 4. d4 Bb4 5. d5 Ne7 6. Bd3 Bxc3+ 7. bxc3 d6 8. h3 O-O 9. Rb1 b6 10. O-O Nd7 11.
Nh4 Nc5 12. Qh5 f6 13. f4 Qe8 14. Qf3 exf4 15. Bxf4 Ng6 16. Nxg6 hxg6 17. c4 g5 18. Be3 Nd7 19. Qg3 Ne5 20. Bd4 Bd7 21. Rf2 Qh5 22.
Rbf1 Rae8 23. Be2 Qh4 24. Qxh4 gxh4 25. Bh5 Re7 26. Rf4 Nxc4 27. Rxh4 g5 28. Bxf6 Rxf6 29. Rxf6 gxh4 30. Rf4 Rh7 31. Rxh4 Ne5 32. g3 Kg7 33. Kf2 Rh6 34. Ke3 Ng6 35. Bxg6 Rxh4 36. gxh4 Kxg6 37. Kf4 Kf6 38. h5 Bxh3 39. c3 Bg2 40. a3 Bh1 41. h6 Kg6 42. e5 Bxd5 0-1

[Event "*** Titled Tuesday Blitz"]
[Site "Chess.com"]
[Date "2020.05.19"]
[Round "7"]
[White "ViktoriyaTarasova"]
[Black "Koalaskakistis"]
[Result "1-0"]
[WhiteElo "2297"]
[BlackElo "2462"]
[TimeControl "180+1"]
[EndTime "13:20:13 PDT"]
[Termination "ViktoriyaTarasova won by resignation"]

1. d4 f5 2. c4 Nf6 3. g3 g6 4. Bg2 Bg7 5. Nf3 O-O 6. O-O d6 7. Nc3 Qe8 8. Qb3 c6 9. Re1 Ne4 10. Qc2 Nxc3 11. bxc3 e5 12. e4 f4 13. Ba3 Qe6 14. dxe5 dxe5 15. Bxf8 Bxf8 16. Rad1 Nd7 17. gxf4 exf4 18. e5 Bc5 19. Nd4 Qg4 20. h3 Qh4 21.
e6 Nf6 22. Nf3 Qh6 23. Rd8+ Kg7 24. e7 Bf5 25. Qd2 Bxh3 26. Rxa8 Qh5 27. Re5 Qg4 28.
Rg5 Qe6 29. e8=Q Nxe8 30. Rxe8 Qxe8 31. Bxh3 Be7 32. Re5 Qf8 33. Qd7 Kh8 34. Rxe7 1-0

[Event "*** Titled Tuesday Blitz"]
[Site "Chess.com"]
[Date "2020.05.19"]
[Round "7"]
[White "MFBerna"]
[Black "kingofthenil"]
[Result "1-0"]
[WhiteElo "2331"]
[BlackElo "2464"]
[TimeControl "180+1"]
[EndTime "13:20:14 PDT"]
[Termination "MFBerna won on time"]

1. e4 Nc6 2. Nc3 d5 3. Nxd5 f5 4. d3 Nf6 5. Nxf6+ exf6 6. Be2 Bc5 7. Nf3 fxe4 8. dxe4 Qe7 9. O-O Bg4 10. Nh4 Bxe2 11.
Qxe2 Nd4 12. Qh5+ g6 13. Nxg6 Qf7 14. Qxc5 Ne2+ 15. Kh1 hxg6 16. Qb5+ c6 17. Qxe2 O-O-O 18. Bf4 Rde8 19. Qd3 g5 20. Bg3 Qe6 21. Rfe1 Rh5 22. Qd4 b6 23. a4 Rd8 24. Qc3 Rdh8 25. Kg1 Kb7 26. a5 Qd7 27. a6+ Ka8 28. Red1 Qc8 29. Rd6 c5 30. Qd3 Qg8 31. Rd7 R5h7 32. Rd1 1-0

[Event "*** Titled Tuesday Blitz"]
[Site "Chess.com"]
[Date "2020.05.19"]
[Round "7"]
[White "VerdeNotte"]
[Black "MarcoRiehle"]
[Result "0-1"]
[WhiteElo "2818"]
[BlackElo "2669"]
[TimeControl "180+1"]
[EndTime "13:20:15 PDT"]
[Termination "MarcoRiehle won by checkmate"]

1. e4 e5 2. Nf3 Nf6 3. d4 exd4 4.
e5 Ne4 5. Qxd4 f5 6. exf6 Nxf6 7. Bg5 Nc6 8. Qe3+ Qe7 9. Nc3 Qxe3+ 10. Bxe3 Bb4 11.
O-O-O Bxc3 12. bxc3 d6 13. h3 Be6 14. Kb2 O-O-O 15.
Nd4 Bd7 16. Be2 Rde8 17. Rhe1 Nd5 18. Bc1 Nb6 19. Nxc6 Bxc6 20. Bg4+ Bd7 21. Rxe8+ Rxe8 22. Rd4 Bxg4 23. Rxg4 g6 24. h4 d5 25. Kb3 Re1 26.
Kb2 Nc4+ 27. Kb1 a5 28. a4 b5 29. axb5 a4 30. h5 a3 31. hxg6 Rxc1+ 32. Ka2 Rxc2+ 33.
Ka1 hxg6 34. Rxg6 Nd2 35. Ra6 Nb3+ 36. Kb1 Rb2# 0-1

[Event "*** Titled Tuesday Blitz"]
[Site "Chess.com"]
[Date "2020.05.19"]
[Round "7"]
[White "AsaHoffmann"]
[Black "jtayar88"]
[Result "1-0"]
[WhiteElo "2418"]
[BlackElo "2542"]
[TimeControl "180+1"]
[EndTime "13:20:15 PDT"]
[Termination "AsaHoffmann won on time"]

1. d4 Nf6 2. Bg5 e6 3. Nd2 c5 4. e3 b6 5. Ngf3 Bb7 6. Bd3 d6 7. Qe2 Be7 8. O-O O-O 9. c3 a6 10. a4 Nbd7 11. b4 cxb4 12. cxb4 Nd5 13. Bxe7 Qxe7 14.
b5 Nc3 15. Bxh7+ Kh8 16. Qd3 Rfc8 17. Rfc1 Ne2+ 18. Qxe2 Kxh7 19. h4 Nf6 20. Nc4 axb5 21. Nxb6 Rxc1+ 22. Rxc1 Ra5 23. Ng5+ Kg8 24. axb5 Qe8 25.
Rb1 e5 26. Qc4 exd4 27. exd4 Ra3 28. Qb4 Ra2 29. Qxd6 Qe2 30. Rf1 Qg4 31. Qb8+ 1-0

[Event "*** Titled Tuesday Blitz"]
[Site "Chess.com"]
[Date "2020.05.19"]
[Round "7"]
[White "26andrej26"]
[Black "GMartin_Petrov"]
[Result "0-1"]
[WhiteElo "2434"]
[BlackElo "2606"]
[TimeControl "180+1"]
[EndTime "13:20:15 PDT"]
[Termination "GMartin_Petrov won by checkmate"]

1. e4 c6 2. Nf3 d5 3. Nc3 g6 4.
d4 Bg7 5. h3 dxe4 6. Nxe4 Nd7 7.
Bc4 Ngf6 8. Neg5 O-O 9. c3 Nb6 10. Bd3 Bf5 11. Bxf5 gxf5 12. h4 e6 13. O-O h6 14.
Nh3 Kh7 15. Nf4 Nbd5 16. Ne5 Ne4 17. Nf3 Rg8 18. Nd3 Qf6 19. Nde5 Rad8 20. Qe2 Bh8 21. Kh2 Qg7 22. Rg1 Ndf6 23. Bf4 Ng4+ 24. Nxg4 Qxg4 25. g3 Bf6 26. Rae1 c5 27. dxc5 Nxc5 28.
Ne5 Bxe5 29. Qxg4 Rxg4 30. Rxe5 Nd3 31. Rb5 Nxf4 32. gxf4 Rxh4+ 33. Kg2 Rg4+ 34. Kf1 Rd1+ 35. Ke2 Rgxg1 36. Rxb7 Kg6 37. Rxa7 h5 38. a4 h4 39. a5 h3 40. Ra8 Rge1+ 41. Kf3 Rd3# 0-1

[Event "*** Titled Tuesday Blitz"]
[Site "Chess.com"]
[Date "2020.05.19"]
[Round "7"]
[White "stasiek18"]
[Black "top_bu_tz"]
[Result "1-0"]
[WhiteElo "2358"]
[BlackElo "2223"]
[TimeControl "180+1"]
[EndTime "13:20:15 PDT"]
[Termination "stasiek18 won by checkmate"]

1. e4 e5 2. Nf3 Nc6 3. d4 exd4 4. Nxd4 Bc5 5. Nb3 Bb6 6. Nc3 Nf6 7. Qe2 O-O 8. Be3 Bxe3 9. Qxe3 Re8 10. O-O-O Qe7 11.
f3 d6 12. g4 Be6 13. g5 Nd7 14. h4 a5 15. Bb5 Nc5 16. Nd4 Nxd4 17. Bxe8 Nxc2 18. Kxc2 Rxe8 19. h5 b5 20. h6 b4 21.
Qd4 b3+ 22. axb3 Bxb3+ 23. Kb1 Ne6 24. Nd5 Qd8 25. Qc3 Bxd1 26. Rxd1 Qxg5 27. hxg7 Rb8 28. Nf6+ Kxg7 29. Nd7+ Kg8 30. Nxb8 Qb5 31. Nc6 Nc5 32. Rg1+ Kf8 33. Qh8# 1-0

[Event "*** Titled Tuesday Blitz"]
[Site "Chess.com"]
[Date "2020.05.19"]
[Round "7"]
[White "Kislov_Oleg"]
[Black "stoleriu"]
[Result "0-1"]
[WhiteElo "2373"]
[BlackElo "2555"]
[TimeControl "180+1"]
[EndTime "13:20:16 PDT"]
[Termination "stoleriu won by checkmate"]

1. e4 e6 2. d4 d5 3. Nc3 Bb4 4. exd5 exd5 5. Bd3 Nc6 6. Ne2 Nge7 7. O-O Bg4 8. f3 Bh5 9. Be3 Bg6 10. Nf4 Qd7 11. Nce2 Bd6 12. Qd2 Bxd3 13. Nxd3 h5 14. Bf4 h4 15. c3 f6 16. Rae1 O-O-O 17. Bxd6 Qxd6 18.
Nef4 g5 19. Re6 Qd7 20. Nc5 Qe8 21. Qe2 a6 22. Nfd3 Qf7 23. Nxb7 Nf5 24. Ndc5 Nb8 25. Re1 Rdg8 26. Rxa6 g4 27. Ra8 gxf3 28. Qb5 Rxg2+ 29. Kh1 Ng3+ 30. hxg3 hxg3# 0-1

[Event "*** Titled Tuesday Blitz"]
[Site "Chess.com"]
[Date "2020.05.19"]
[Round "7"]
[White "vanyakuba"]
[Black "YellowJacek"]
[Result "1-0"]
[WhiteElo "2443"]
[BlackElo "2290"]
[TimeControl "180+1"]
[EndTime "13:20:16 PDT"]
[Termination "vanyakuba won by checkmate"]

1. e4 c5 2. c3 Nf6 3. e5 Nd5 4. g3 Qc7 5. Nf3 Nc6 6. Qe2 g6 7. Qe4 e6 8. Na3 a6 9. Bg2 f5 10. exf6 Nxf6 11. Qh4 Bg7 12. O-O b5 13. d3 O-O 14.
Bh6 Bb7 15. Rfe1 Rae8 16. Rad1 e5 17. Ng5 d5 18. Bxg7 Qxg7 19. Bh3 Nd8 20. f4 h6 21. Nf3 exf4 22. gxf4 Rxe1+ 23. Rxe1 Rf7 24. Ne5 Re7 25. Nc2 Nf7 26. Qf2 Nxe5 27. fxe5 Nh5 28. e6 d4 29. cxd4 cxd4 30. Nxd4 Bd5 31. Qe3 Qf6 32. Rf1 Qh4 33. Qe5 Qxh3 34. Rf8+ Kxf8 35. Qh8# 1-0

[Event "*** Titled Tuesday Blitz"]
[Site "Chess.com"]
[Date "2020.05.19"]
[Round "7"]
[White "WeAintSurePal"]
[Black "Kapibara_Warri0r"]
[Result "1-0"]
[WhiteElo "2304"]
[BlackElo "2085"]
[TimeControl "180+1"]
[EndTime "13:20:16 PDT"]
[Termination "WeAintSurePal won on time"]

1. e4 e5 2. Nf3 Nc6 3. Bb5 a6 4. Ba4 d6 5. O-O g6 6. d4 Bd7 7. Nc3 Bg7 8. Be3 Nge7 9. d5 Nb8 10. Bxd7+ Nxd7 11. Qd2 h6 12. Ne1 f5 13. f3 f4 14.
Bf2 O-O 15. Nd3 g5 16. Nd1 Ng6 17. c4 b6 18. b4 a5 19. c5 axb4 20. cxd6 cxd6 21.
Qxb4 Qf6 22. Qb5 Nc5 23. Nc3 g4 24. fxg4 Qg5 25. h3 f3 26. g3 h5 27. gxh5 Nxd3 28. Qxd3 Nf4 29. Qe3 Nxh3+ 30. Kh2 Qxh5 31. g4 Qh7 32. Kg3 Nf4 33. Rh1 Qg6 34. Qxf3 Nh5+ 35. Rxh5 Rxf3+ 36. Kxf3 Ra3 37. Rc1 Qf6+ 38. Rf5 Qh6 39. g5 Qh3+ 40. Bg3 Qh5+ 41. Kg2 Qg4 42. Rf3 Qxg5 43. Rcf1 Qd2+ 44. R1f2 Qc1 45. Ne2 Qc4 46.
Rxa3 Qxe4+ 47. Raf3 Qxd5 48. Nc3 Qc4 49. a4 e4 50. Re3 Bxc3 51. Rc2 Qd4 52. Rexc3 e3 53. Kf3 1-0

[Event "*** Titled Tuesday Blitz"]
[Site "Chess.com"]
[Date "2020.05.19"]
[Round "7"]
[White "Fandorine"]
[Black "dretch"]
[Result "0-1"]
[WhiteElo "2872"]
[BlackElo "2771"]
[TimeControl "180+1"]
[EndTime "13:20:17 PDT"]
[Termination "dretch won by resignation"]

1. e4 e6 2. d4 d5 3. Nd2 c5 4.
Ngf3 cxd4 5. Nxd4 Nc6 6. Bb5 Bd7 7. Nxc6 bxc6 8. Bd3 Qc7 9. Qe2 Bd6 10. g3 Nf6 11. O-O O-O 12. b3 e5 13. Bb2 Bg4 14. f3 Bh3 15.
Rfe1 Rfe8 16. c4 d4 17. Rec1 Bc5 18. Kh1 h5 19. Qf2 Be6 20. Rf1 a5 21. a3 Rab8 22. Qg2 Qc8 23. Qe2 Bh3 24. Rf2 Bd6 25. c5 Bxc5 26. Rc1 Bf8 27. Bc4 c5 28. Qd3 Be6 29.
a4 Qb7 30. Bxe6 Rxe6 31. Ba3 c4 32. bxc4 Bxa3 33. Qxa3 Qb2 34. Qxb2 Rxb2 35. Kg2 Nd7 36. f4 Nc5 37. Rd1 exf4 38. gxf4 Rg6+ 39. Kf1 Rg4 40. h3 Rg3 41. e5 Rxh3 42. Kg2 Rd3 43. f5 h4 44. e6 fxe6 45. fxe6 Nxe6 46. Re1 Re3 47. Rfe2 0-1

[Event "*** Titled Tuesday Blitz"]
[Site "Chess.com"]
[Date "2020.05.19"]
[Round "7"]
[White "rynos0411"]
[Black "LimeInTheCoconut"]
[Result "0-1"]
[WhiteElo "2347"]
[BlackElo "2507"]
[TimeControl "180+1"]
[EndTime "13:20:18 PDT"]
[Termination "LimeInTheCoconut won by resignation"]

1. d4 Nf6 2. c4 e6 3. Nf3 b6 4. g3 Bb7 5. Bg2 Be7 6. O-O O-O 7. Qc2 d5 8. cxd5 exd5 9. Ne5 c5 10. e3 Nbd7 11.
Nxd7 Qxd7 12. Nc3 cxd4 13. exd4 h6 14. Bf4 Rac8 15. Qd3 Rfd8 16. Rfe1 Bb4 17. Rac1 Ne4 18. Re2 Bxc3 19. bxc3 Qa4 20. Be5 Ba6 21. Qc2 Qxc2 22. Rexc2 Bd3 23. Bxe4 Bxe4 24. Rd2 f6 25. Bf4 Rc4 26.
Re2 Rdc8 27. Bd2 Kf7 28. h4 Ra4 29. Be1 Rxd4 30. Bd2 Ra4 31. Be3 Rac4 32. Bd2 g5 33. hxg5 hxg5 34. Re3 g4 35. Kf1 Bf3 36. Rd3 Rh8 37.
Rxf3 gxf3 38. Kg1 d4 39. cxd4 Rxc1+ 40. Bxc1 Ke6 0-1

[Event "*** Titled Tuesday Blitz"]
[Site "Chess.com"]
[Date "2020.05.19"]
[Round "7"]
[White "dennisodessa"]
[Black "froylanajedrez"]
[Result "0-1"]
[WhiteElo "2221"]
[BlackElo "2350"]
[TimeControl "180+1"]
[EndTime "13:20:18 PDT"]
[Termination "froylanajedrez won by resignation"]

1. d4 Nf6 2. c4 g6 3. Nc3 d5 4.
Bg5 Bg7 5. Bxf6 Bxf6 6. cxd5 O-O 7. e4 c6 8. Nf3 Qa5 9. e5 Bg7 10. Be2 cxd5 11. O-O Nc6 12. Qb3 Rd8 13. a3 Bg4 14. Rfd1 Rab8 15. Qa2 b5 16. b4 Qb6 17. Nxd5 Qb7 18. Ne3 h5 19. h3 Bd7 20. Rac1 Rbc8 21.
Rc5 Bf8 22. Rxb5 Qa8 23. d5 Nxe5 24. Nxe5 Bxb5 25. Bxb5 Qb8 26. d6 e6 27. Bd7 Rc3 28.
Bxe6 Rxd6 29. Rxd6 Qxd6 30. Nxf7 Rc1+ 31. Nf1 Rxf1+ 0-1

[Event "*** Titled Tuesday Blitz"]
[Site "Chess.com"]
[Date "2020.05.19"]
[Round "7"]
[White "EvgenyRomanov"]
[Black "Paralinch"]
[Result "0-1"]
[WhiteElo "2684"]
[BlackElo "2866"]
[TimeControl "180+1"]
[EndTime "13:20:19 PDT"]
[Termination "Paralinch won by resignation"]

1. d4 d5 2. c4 dxc4 3. e4 e5 4. Nf3 exd4 5. Bxc4 Bb4+ 6. Bd2 Bxd2+ 7. Nbxd2 Nc6 8.
O-O Qf6 9. Nb3 Bg4 10. Nc5 Nge7 11. Nxb7 O-O 12. Nc5 Rad8 13. Be2 Ng6 14. Nd3 Rfe8 15. h3 Bxf3 16. Bxf3 Nce5 17. Rc1 Nxd3 18. Qxd3 Ne5 19. Qb3 d3 20. Bd1 Rb8 21. Qc3 Rxb2 22. Qxc7 g5 23. Bb3 a6 24. Qc5 Qf4 25. Rcd1 Re2 26.
f3 Qg3 27. Rf2 Nxf3+ 28. Kf1 Nh2+ 29. Kg1 Nf3+ 30. Kf1 Ne5 31. Bd5 Rb8 32. Rxe2 dxe2+ 33. Kxe2 Rb2+ 34. Kf1 Qxg2+ 0-1

[Event "*** Titled Tuesday Blitz"]
[Site "Chess.com"]
[Date "2020.05.19"]
[Round "7"]
[White "plumalka"]
[Black "ChronicUnhappiness"]
[Result "1-0"]
[WhiteElo "2484"]
[BlackElo "2289"]
[TimeControl "180+1"]
[EndTime "13:20:19 PDT"]
[Termination "plumalka won on time"]

1. e4 d6 2. d4 Nf6 3. Nc3 g6 4. f4 Bg7 5. Nf3 c5 6. Bb5+ Bd7 7. e5 Ng4 8. d5 dxe5 9. h3 e4 10.
hxg4 exf3 11. Qxf3 Bxb5 12. Nxb5 Qa5+ 13. Nc3 Nd7 14.
Bd2 O-O-O 15. a3 Nb6 16. O-O-O Nc4 17. Qd3 Nxd2 18. Rxd2 Rd7 19. Ne4 h6 20. Qc4 b6 21.
Rh3 Rhd8 22. Rhd3 a6 23. b4 Qa4 24. d6 e6 25. Nxc5 bxc5 26. Qxc5+ Kb7 27. Rb3 Rc8 28.
Qe3 Rc4 29. Qf3+ Qc6 30. Qd3 Rc3 31. Rxc3 Qxc3 32. Qe4+ Qc6 33. Qd3 Qc3 34. Qe4+ Kb8 35. Rd3 Qa1+ 36. Kd2 Qa2 37. Qc6 Rb7 38. d7 Bf6 39. Qc8+ Ka7 40. Qc5+ 1-0

[Event "*** Titled Tuesday Blitz"]
[Site "Chess.com"]
[Date "2020.05.19"]
[Round "7"]
[White "JLRHei"]
[Black "GM4life"]
[Result "0-1"]
[WhiteElo "2323"]
[BlackElo "2223"]
[TimeControl "180+1"]
[EndTime "13:20:19 PDT"]
[Termination "GM4life won by resignation"]

1. d4 Nf6 2. c4 e6 3. Nf3 d5 4. g3 Be7 5. Bg2 O-O 6. O-O dxc4 7. Na3 Bxa3 8. bxa3 b5 9. a4 c6 10. Ba3 Re8 11.
Ne5 Nd5 12. e4 Nc3 13. Qf3 f6 14. Qxc3 fxe5 15. dxe5 Qb6 16. Rad1 a5 17. axb5 cxb5 18. Bd6 b4 19. Qf3 Nc6 20. Qh5 Ba6 21. Kh1 c3 22. Rfe1 Qxf2 23. Bf1 g6 24. Qg5 Bb7 25. Bc4 Nd4 26. Qf6 Qxf6 27. exf6 Nf3 28. Re3 Nd2 29. Bd3 Rad8 30. Bc7 Rxd3 31. Rxd3 Bxe4+ 32. Kg1 Bxd3 33. Bxa5 c2 34. Rc1 Nf3+ 35. Kf2 Nd4 36. Bxb4 Ne2 37. Rxc2 Bxc2 38. Kxe2 Kf7 39. Kd2 Ba4 0-1

[Event "*** Titled Tuesday Blitz"]
[Site "Chess.com"]
[Date "2020.05.19"]
[Round "7"]
[White "Twitch_ElhamBlitz05"]
[Black "Indianlad"]
[Result "1-0"]
[WhiteElo "2776"]
[BlackElo "2928"]
[TimeControl "180+1"]
[EndTime "13:20:20 PDT"]
[Termination "Twitch_ElhamBlitz05 won by resignation"]

1. e4 c5 2. Nf3 d6 3. d4 cxd4 4. Nxd4 Nf6 5. f3 a6 6. c4 e6 7. Nc3 Be7 8. Be3 b6 9. Qd2 Bb7 10. Be2 Nbd7 11. O-O Qb8 12. Rfd1 Bd8 13. b4 Bc7 14. b5 a5 15. Nc6 Bxc6 16. bxc6 Ne5 17. Nb5 Ke7 18. f4 Nxc6 19. c5 dxc5 20. e5 Nd5 21. Bf2 g5 22. f5 Bxe5 23. fxe6 fxe6 24. Qxg5+ Bf6 25. Qh6 Qf4 26. Qh3 Bxa1 27. Rxa1 Raf8 28. Rf1 Qe5 29. Bf3 Nf4 30. Qh6 Nd4 31. Nxd4 cxd4 32.
Re1 Qf5 33. Qg7+ Qf7 34. Bh4+ Kd7 35. Qxd4+ Nd5 36. Bxd5 exd5 37. Qxb6 Rhg8 38. Qb7+ Kd6 39. Be7+ 1-0

[Event "*** Titled Tuesday Blitz"]
[Site "Chess.com"]
[Date "2020.05.19"]
[Round "7"]
[White "EfM13"]
[Black "enriquetejedor"]
[Result "1-0"]
[WhiteElo "2299"]
[BlackElo "2461"]
[TimeControl "180+1"]
[EndTime "13:20:20 PDT"]
[Termination "EfM13 won on time"]

1. e4 c5 2. c3 Nf6 3. e5 Nd5 4. d4 cxd4 5. cxd4 Nc6 6. Nf3 d6 7. Bc4 Nb6 8. Bb5 dxe5 9. Nxe5 Bd7 10. Bxc6 Bxc6 11. O-O Bd5 12. Nc3 e6 13. Qh5 g6 14.
Qh3 Bg7 15. Bh6 O-O 16. Rfd1 Rc8 17. Ng4 a6 18. Bxg7 Kxg7 19. Qh6+ Kh8 20. Rd3 Rg8 21. Ne5 Qf8 22. Rh3 Qxh6 23. Nxf7+ Kg7 24. Nxh6 Rgd8 25.
Rd1 Nc4 26. b3 Nb6 27. Ng4 Rc7 28. Ne5 Rdc8 29. Nxd5 Nxd5 30. Rhd3 Rc2 31. a4 Rb2 32. Nc4 b5 33. Nxb2 Nb4 34. R3d2 Nd5 35. Nd3 bxa4 36. bxa4 Rc4 37. Nc5 Kf7 38. g3 a5 39. Re1 Nc3 40. Rc2 Ke7 41. Rxe6+ Kd8 42. Re3 Rxa4 43. Rexc3 Rxd4 44. Ne6+ Ke7 45. Nxd4 a4 46. Rc7+ 1-0

[Event "*** Titled Tuesday Blitz"]
[Site "Chess.com"]
[Date "2020.05.19"]
[Round "7"]
[White "tgpgoat"]
[Black "The_Machine04"]
[Result "0-1"]
[WhiteElo "2049"]
[BlackElo "2272"]
[TimeControl "180+1"]
[EndTime "13:20:20 PDT"]
[Termination "The_Machine04 won by resignation"]

1. e4 d6 2. d4 Nf6 3. Nc3 e5 4. dxe5 dxe5 5. Qxd8+ Kxd8 6. Nf3 Bd6 7. Bc4 Be6 8. Bxe6 fxe6 9. Be3 Ke7 10. O-O-O a6 11. Nd2 b5 12. Nb3 Nbd7 13. f3 Rhb8 14. Rd2 a5 15. a4 bxa4 16. Nxa4 Rb5 17. Rhd1 Rb4 18. Nac5 a4 19. Nxd7 Nxd7 20. Na1 Rab8 21. c3 R4b7 22. Kb1 Nb6 23. Bxb6 Rxb6 24. Ka2 R8b7 25. Rb1 c5 26. Nc2 Rb3 27. Na3 Bb8 28. Rbd1 Kf6 29. Nc4 R3b5 30. Nd6 Bxd6 31. Rxd6 Rxb2+ 32. Ka3 R7b3+ 33. Kxa4 Rb8 34. Ka3 R2b3+ 35. Ka2 c4 36. Ra6 Rxc3 37. Rdd6 Rc2+ 38. Ka1 Rxg2 39. Rxe6+ Kf7 40. Rxe5 c3 41. Rc5 c2 42. Ra7+ Kg8 43. Rcc7 Rb1+ 44. Ka2 c1=Q+ 0-1